 Dungeon Crawl Stone Soup version 0.25-a0-517-gf8b3a32422 (webtiles) character file.

Game seed: 4044458240277684125, levelgen mode: classic

417 EnegeticOcto the Chopper (level 6, 0/57 HPs)
             Began as a Deep Dwarf Fighter on Feb 17, 2020.
             Killed from afar by a white imp (12 damage)
             ... with a puff of frost
             ... summoned by Eustachio
             ... on level 5 of the Dungeon.
             The game lasted 00:01:31 (1678 turns).

EnegeticOcto the Chopper (Deep Dwarf Fighter)       Turns: 1678, Time: 00:01:31

Health: 0/57       AC:  8    Str: 25      XL:     6   Next: 61%
Magic:  3/3        EV:  5    Int:  9      God:
Gold:   95         SH: 14    Dex: 10 (12) Spells: 5/5 levels left

rFire    . . .     SeeInvis .   a - +0 war axe
rCold    . . .     Gourm    .   r - +0 tower shield
rNeg     . . .     Faith    .   b - +0 scale mail
rPois    .         Spirit   .   m - +0 helmet
rElec    .         Reflect  .   (no cloak)
rCorr    .         Harm     .   g - +0 pair of gloves
MR       .....                  (no boots)
Stlth    ..........             (no amulet)
HPRegen  0.00/turn              l - +4 ring of strength
MPRegen  0.08/turn              (no ring)

@: non-regenerating, heavily drained
A: damage resistance, heal wounds, sense surroundings 1, no regeneration
a: Heal Wounds


You were on level 5 of the Dungeon.
You were not hungry.

You visited 1 branch of the dungeon, and saw 5 of its levels.

You collected 95 gold pieces.

Inventory:

Hand Weapons
 a - a +0 war axe (weapon)
Armour
 b - a +0 scale mail (worn)
 c - a +0 kite shield
 g - a +0 pair of gloves (worn)
 m - a +0 helmet (worn)
 r - a +0 tower shield (worn)
Jewellery
 l - a +4 ring of strength (left hand)
Scrolls
 f - 2 scrolls of identify {unknown}
 h - 2 scrolls of remove curse {unknown}
 j - 2 scrolls of immolation {unknown}
 o - 3 scrolls of teleportation {unknown}
 p - a scroll of amnesia {unknown}
Potions
 d - 2 potions of heal wounds {@q2}
 i - a potion of degeneration {unknown}
 k - 2 potions of might {@q3}
 n - 2 potions of haste {@q4}
 q - a potion of curing {unknown}
Comestibles
 e - 5 rations


   Skills:
 * Level 4.2(2.3) Fighting
 * Level 4.5(2.5) Axes
 + Level 4.3(2.3) Armour
 + Level 2.3(0.5) Dodging
 * Level 4.5(2.5) Shields


You had 5 spell levels left.
You didn't know any spells.
Your spell library was empty.

Dungeon Overview and Level Annotations

Branches:
Dungeon (5/15)
 Temple: D:4-7

Altars:
Ashenzari
Fedhas
Gozag
Qazlal
Sif Muna
Uskayaw
Xom

Shops:
D:4 =

Annotations:
D:5 Eustachio


Innate Abilities, Weirdness & Mutations

You are resistant to damage.
You can heal yourself by infusing magical energy.
You passively map a small area around you.
You do not regenerate.


Message History

You slash the white imp!
You kill the white imp!
The shadow imp closely misses you. You block the shadow imp's attack.
Eustachio casts a spell.
You completely miss the shadow imp.
The shadow imp is heavily wounded.
You miss Eustachio. You hit the white imp. The shadow imp barely misses you.
Eustachio hits you with a +1 rapier of draining!
You feel drained.
A wight comes into view. It is wielding a +0 falchion.
The white imp gestures at you. The puff of frost hits you.
You hit the shadow imp but do no damage.
The shadow imp is heavily wounded.
You barely miss the white imp. You slash Eustachio!
You closely miss the white imp. You block the shadow imp's attack.
Eustachio hits you with a +1 rapier of draining.
You feel drained. The white imp gestures at you.
The puff of frost hits you but does no damage.
The white imp gestures at you. The puff of frost hits you.
You block the shadow imp's attack.
Eustachio casts a spell.
The white imp barely misses you. You block the white imp's attack.
You slash Eustachio!
Eustachio is almost dead.
You hit the white imp.
Your shield prevents you from hitting the river rat.
You closely miss the shadow imp. You hit the white imp but do no damage.
The bat hits you but does no damage. You block the shadow imp's attack.
Eustachio hits you but does no damage.
You feel drained. The white imp gestures at you. You block the puff of frost.
The white imp hits you but does no damage.
The river rat barely misses you. The shadow imp hits you.
Your shield prevents you from hitting Eustachio.
Eustachio is almost dead.
Your shield and scale mail prevent you from hitting the rat.
You hit the white imp.
You hit the shadow imp but do no damage.
You closely miss the river rat. You hit the white imp.
You block Eustachio's attack. The white imp barely misses you.
The white imp hits you but does no damage.
The river rat bites you but does no damage.
The rat twitches its whiskers.
The rat bites you but does no damage.
The shadow imp hits you but does no damage.
The white imp hits you but does no damage.
The white imp gestures at you. You block the puff of frost.
You block the river rat's attack.
Eustachio hits you with a +1 rapier of draining.
You feel drained. The rat completely misses you.
You hit Eustachio but do no damage.
Eustachio is almost dead.
Your shield prevents you from hitting the white imp.
You hit the river rat but do no damage.
Your shield prevents you from hitting the shadow imp.
You closely miss the white imp.
Your scale mail prevents you from hitting the rat.
The shadow imp hits you. You block the white imp's attack.
The white imp barely misses you. The river rat barely misses you.
The rat bites you but does no damage. You block Eustachio's attack.
You block the shadow imp's attack.
You closely miss Eustachio.
Eustachio is almost dead.
You hit the rat but do no damage. You hit the white imp but do no damage.
You slash the shadow imp!
You kill the shadow imp!
You closely miss the river rat. You closely miss the white imp.
The bat hits you. You block the white imp's attack.
The white imp gestures at you.
The puff of frost hits you but does no damage.
You block the river rat's attack. The rat bites you but does no damage.
You block Eustachio's attack. You block the white imp's attack.
The white imp gestures at you. You block the puff of frost.
Your shield and scale mail prevent you from hitting Eustachio.
Eustachio is almost dead.
You hit the white imp but do no damage. You hit the river rat but do no damage.
You closely miss the white imp. You closely miss the rat.
You block the bat's attack. The river rat bites you.
The rat bites you but does no damage.
Eustachio gestures wildly while chanting.
Eustachio blinks!
The white imp completely misses you. The white imp hits you.
The white imp freezes you.
The river rat bites you but does no damage.
The rat barely misses you.
You slash the white imp!
You kill the white imp!
Your shield and scale mail prevent you from hitting the rat.
You closely miss the white imp. You completely miss the wight.
You closely miss the river rat. The bat hits you. The bat barely misses you.
The white imp gestures at you. The puff of frost hits you!
The river rat bites you!
* * * LOW HITPOINT WARNING * * *
The rat bites you but does no damage. The wight completely misses you.
The bat barely misses you. The white imp gestures at you.
The puff of frost hits you!
You die...

* , .##..
............... ..
#.. ,
............### ..
+..
............#)#,
#.. ...........###
, #.. , **
#............,
####+#
#............
...... ,
#...z5r'....' ,
...... ,, #...r@.#
, ...... ,*
#...b..# , ......
*, ##+##.....$#,, ,
......
#......#.....@#####
* ######
#......#......# ,,
,, ....
#......+......# < ,
....
#......#......# , ,
, ....
#.....#......# *
.... #.....#......#
*,,* ####


You could see Eustachio, a wight, a river rat, a white imp, a bat and a rat.

Vanquished Creatures
  Edmund (D:4)
  A wight (D:5)
  A crimson imp (D:5)
  A jelly (D:5)
  An orc wizard (D:4)
  A killer bee zombie (D:5)
  Robin (D:2)
  4 gnolls (D:3)
  2 adders
  A shadow imp (D:2)
  An ooze (D:4)
  2 worms
  2 leopard geckos
  5 orcs (D:4)
  A giant cockroach (D:2)
  11 goblins
  4 hobgoblins
  7 jackals (D:3)
  2 kobolds
  2 quokkas
  4 bats
  2 frilled lizards
  2 rats (D:2)
59 creatures vanquished.

Notes
Turn   | Place    | Note
-------+----------+-------------------------------------------
     0 | D:1      | EnegeticOcto the Deep Dwarf Fighter began the quest for the
                  | Orb.
     0 | D:1      | Reached XP level 1. HP: 20/20 MP: 1/1
   143 | D:2      | Reached XP level 2. HP: 21/27 MP: 2/2
   169 | D:2      | Found a shattered altar of Ashenzari.
   276 | D:2      | Noticed Robin
   281 | D:2      | Reached XP level 3. HP: 31/34 MP: 2/2
   286 | D:2      | Killed Robin
   453 | D:2      | Reached skill level 1 in Dodging
   527 | D:3      | Noticed a +0 dagger
   528 | D:3      | Noticed a +0 hand axe
   531 | D:3      | Found a hide-covered altar of Uskayaw.
   651 | D:3      | Reached XP level 4. HP: 42/42 MP: 3/3
   764 | D:4      | Noticed Edmund
   821 | D:4      | Killed Edmund
   821 | D:4      | Reached XP level 5. HP: 34/50 MP: 4/4
   942 | D:4      | Found a snail-covered altar of Cheibriados.
   944 | D:4      | Found a shimmering blue altar of Sif Muna.
   944 | D:4      | Found a shimmering altar of Xom.
   946 | D:4      | Found a blossoming altar of Fedhas.
   946 | D:4      | Found a shattered altar of Ashenzari.
   946 | D:4      | Found an opulent altar of Gozag.
  1022 | D:4      | Found Lemitafe's Jewellery Shop.
  1116 | D:4      | Found a shimmering blue altar of Sif Muna.
  1120 | D:4      | Found a stormy altar of Qazlal.
  1125 | D:4      | Found an opulent altar of Gozag.
  1185 | D:4      | Reached XP level 6. HP: 27/57 MP: 4/4
  1457 | D:5      | Entered Level 5 of the Dungeon
  1640 | D:5      | Noticed Eustachio
  1678 | D:5      | Killed from afar by a white imp

Levels and vault maps discovered:
D:1:      dpeg_arrival_more_subterranean_lakeside_camping, layout_basic,
          minmay_strange_pillars
D:2:      layout_loops_corners, lemuel_doored_altar, uniq_robin
D:3:      layout_loops_ring, nicolae_overflow_crystal_walls,
          dancing_weapons_uskayaw, item_on_display_a
D:4:      layout_basic, doesnt_xom_only_xom, minmay_overflow_temple_star_quad,
          first_ration, serial_shops, shop, uniq_edmund
D:5:      layout_gridville, overflow_temple_1_default, sword_in_stone

Skill      XL: |  1  2  3  4  5 |
---------------+----------------+-----
Fighting       | 3 4 |  4.2
Axes           | 3 4 |  4.5
Dodging        | 1 2 |  2.3
Armour         | 4 |  4.3
Shields        | 4 |  4.5

Action                   |  1- 3 |  4- 6 || total
-------------------------+-------+-------++-------
Melee: War axe           |   104 |   158 ||   262
 Abil: Heal Wounds       |     2 |    10 ||    12
  Eat: Chunk             |       |     3 ||     3
Armor: Scale mail        |    51 |    98 ||   149
Dodge: Dodged            |    43 |    65 ||   108
Block: Kite shield       |    53 |    41 ||    94
       Tower shield      |       |   118 ||   118

Table legend:
 A = Non-vault XP
 B = Vault XP
 C = Vault XP percentage of total XP
 D = Non-vault monster count
 E = Vault monster count
 F = Vault count percentage of total count
                 A         B        C        D         E       F
            +---------+---------+-------+---------+---------+-------
      Total |     344 |     252 |  42.3 |      50 |       9 |  15.3
            +---------+---------+-------+---------+---------+-------
        D:1 |      11 |       0 |   0.0 |       6 |       0 |   0.0
        D:2 |      46 |      27 |  37.0 |      16 |       7 |  30.4
        D:3 |      80 |       0 |   0.0 |      14 |       0 |   0.0
        D:4 |      72 |     169 |  70.1 |       9 |       1 |  10.0
        D:5 |     135 |      56 |  29.3 |       5 |       1 |  16.7
            +---------+---------+-------+---------+---------+-------
